 Dungeon Crawl Stone Soup version 0.30-a0-364-gf6b3ef1049 (webtiles) character file.

Game seed: 18044221881011745814

118 Hubris850 the Insei (level 5, -1/37 HPs)
             Began as a Merfolk Transmuter on Nov 15, 2022.
             Was a Follower of Makhleb.
             Slain by an iguana (6 damage)
             ... on level 3 of the Dungeon.
             The game lasted 00:06:36 (1575 turns).

Hubris850 the Insei (Merfolk Transmuter)            Turns: 1575, Time: 00:06:37

Health: -1/37      AC:  6    Str: 10    XL:     5   Next: 2%
Magic:  8/8        EV: 11    Int: 14    God:    Makhleb [*.....]
Gold:   179        SH:  0    Dex: 15    Spells: 1/9 levels left

rFire   . . .      SeeInvis .      - Unarmed
rCold   . . .      Faith    .    (no shield)
rNeg    + . .      Spirit   .    l - +0 ring mail
rPois   .          Reflect  .    (helmet currently unavailable)
rElec   .          Harm     .    (no cloak)
rCorr   .          Rampage  .    i - +0 pair of gloves
Will    .....                    (boots currently unavailable)
Stlth   +.........               t - amulet of magic regeneration
HPRegen 0.26/turn                u - ring of positive energy
MPRegen 0.51/turn                (no ring)

@: appendages
A: horns 2, (nimble swimmer 2), mertail
a: End Transformation, Renounce Religion


You were on level 3 of the Dungeon.
You worshipped Makhleb.
Makhleb was aware of your devotion.
You had temporarily grown beastly horns.
You visited 1 branch of the dungeon, and saw 3 of its levels.

You collected 179 gold pieces.

Inventory:

Hand Weapons
 b - a +0 whip of venom
Armour
 a - a +0 robe
 g - a +0 pair of boots (melded)
 i - a +0 pair of gloves (worn)
 l - a +0 ring mail (worn)
 r - a +2 helmet (melded)
Magical Staves
 s - a staff of poison
Jewellery
 t - an amulet of magic regeneration (around neck)
 u - a ring of positive energy (left hand)
Scrolls
 c - 3 scrolls of identify {unknown}
 d - 2 scrolls of magic mapping {unknown}
 f - a scroll of fear {unknown}
 h - 4 scrolls of teleportation {unknown}
 k - a scroll of enchant weapon {unknown}
 m - a scroll of amnesia {unknown}
 n - a scroll of noise {unknown}
Potions
 e - 2 potions of curing {unknown}
 j - a potion of mutation {unknown}
 o - a potion of brilliance {unknown}
 p - a potion of flight {unknown}
 q - a potion of attraction {unknown}


   Skills:
 - Level 1.1 Fighting
 - Level 3.0 Dodging
 * Level 4.5 Unarmed Combat
 + Level 2.6 Spellcasting
 + Level 3.7 Transmutations
 + Level 1.1 Poison Magic
 + Level 1.2 Invocations


You had one spell level left.
You knew the following spells:

 Your Spells              Type           Power      Damage    Failure   Level
a - Beastly Appendage     Tmut           24%        N/A       12%         1
b - Spider Form           Tmut/Pois      8%         N/A       54%         3
c - Ice Form              Ice/Tmut       7%         N/A       95%         4

Your spell library contained the following spells:

 Spells                   Type           Power      Damage    Failure   Level
 Wereblood                Tmut           12%        N/A       19%         2


Dungeon Overview and Level Annotations

Branches:
Dungeon (3/15)

Altars:
Makhleb

Shops:
D:2 (


Innate Abilities, Weirdness & Mutations

You have temporarily grown beastly horns.
((You are very nimble when in or above water. (Stealth+, EV+, Speed+++)))
Your lower body shifts to a powerful aquatic tail in water.


Message History

You kill the hobgoblin!
Makhleb accepts your kill.
Found a stone staircase leading up.
A kobold comes into view. It is wielding a +0 short sword.
The kobold shouts!
An iguana comes into view.
The iguana hisses angrily.
You hit the kobold.
The kobold is severely wounded.
The kobold hits you but does no damage.
You hit the kobold.
You kill the kobold!
Makhleb accepts your kill.
You grow a pair of large bovine horns.
Your +2 helmet melds into your body.
Your +0 pair of boots melds into your body.
The iguana closely misses you.
You barely miss the iguana. Your headbutt misses the iguana.
The iguana bites you!
You hit the iguana. Your headbutt misses the iguana.
The iguana is lightly wounded.
The iguana bites you!
You hit the iguana but do no damage.
The iguana is lightly wounded.
The iguana bites you!
You are too injured to fight recklessly!
Unknown command.
You hit the iguana.
The iguana is lightly wounded.
The iguana bites you but does no damage.
You hit the iguana but do no damage.
The iguana is lightly wounded.
The iguana closely misses you.
You hit the iguana but do no damage. Your headbutt misses the iguana.
The iguana is lightly wounded.
The iguana bites you!
* * * LOW HITPOINT WARNING * * *
You hit the iguana but do no damage.
The iguana is lightly wounded.
The iguana bites you.
You die...

...##.....############
..###.....#
..#####.#.#
##........#
##........# ###
#........# ....
###....### .....
#.#..# #####.<....
#.#..# #..@l......
#.#..# ###.###......
..#.## #...###..####
###....# #.##....##
....##.# #....####
#......#####..###
..............######
...................#
...................#


You could see an iguana.

Vanquished Creatures
  An orc priest (D:3)
  A gnoll (D:1)
  3 adders
  A worm (D:2)
  A dart slug (D:3)
  6 orcs (D:3)
  2 endoplasms (D:1)
  A giant cockroach (D:2)
  4 goblins
  A hobgoblin (D:3)
  3 kobolds
  8 ball pythons
  4 bats
  5 frilled lizards
  2 rats
43 creatures vanquished.

Notes
Turn   | Place    | Note
-------+----------+-------------------------------------------
     0 | D:1      | Hubris850 the Merfolk Transmuter began the quest for the
                  | Orb.
     0 | D:1      | Reached XP level 1. HP: 15/15 MP: 3/3
     9 | D:1      | Noticed an ogre
   263 | D:1      | Reached XP level 2. HP: 10/21 MP: 5/5
   555 | D:1      | Found a faded altar of an unknown god.
   561 | D:1      | Reached XP level 3. HP: 21/26 MP: 6/6
   619 | D:1      | Prayed at the altar of an unknown god.
   619 | D:1      | Became a worshipper of Makhleb the Destroyer
   619 | D:1      | Reached * piety under Makhleb
   789 | D:2      | Found Zegget's Antique Weapon Shop.
   813 | D:2      | Reached skill level 4 in Unarmed Combat
  1240 | D:2      | Learned a level 3 spell: Spider Form
  1256 | D:3      | Reached XP level 4. HP: 32/32 MP: 7/7
  1306 | D:3      | Reached skill level 1 in Invocations
  1479 | D:3      | Reached skill level 1 in Poison Magic
  1481 | D:3      | Reached XP level 5. HP: 35/37 MP: 8/8
  1486 | D:3      | Learned a level 4 spell: Ice Form
  1575 | D:3      | Slain by an iguana

Illustrated notes

Levels and vault maps discovered:
D:1:      evilmike_arrival_come_back, layout_rooms,
          nicolae_ecumenical_snake_handling, minmay_liquid_box
D:2:      layout_rooms, serial_shops, shop
D:3:      layout_rooms, mainiacjoe_overflow_24_doors, serial_bayou_ford_a

Skill      XL: |  1  2  3  4 |
---------------+-------------+-----
Dodging        | 3 |  3.0
Transmutations | 3 |  3.7
Unarmed Combat | 4 |  4.5
Invocations    | 1 |  1.2
Poison Magic   | 1 |  1.1
Fighting       | |  1.1
Spellcasting   | |  2.6

Action                   |  1- 3 |  4- 6 || total
-------------------------+-------+-------++-------
Melee: Whip              |    48 |       ||    48
       Unarmed           |    64 |    72 ||   136
       Headbutt          |     2 |       ||     2
       Punch             |     1 |     1 ||     2
 Cast: Beastly Appendage |     2 |     1 ||     3
  Use: Potion            |     1 |       ||     1
Armor: Robe              |    25 |       ||    25
       Ring mail         |    14 |    14 ||    28
Dodge: Dodged            |    80 |    33 ||   113

Table legend: (Time is in decaauts)
 A = Elapsed time spent in this place.
 B = Non-inter-level travel time spent in this place.
 C = Inter-level travel time spent in this place.
 D = Time resting spent in this place.
 E = Time spent auto-exploring this place.
 F = Levels seen in this place.
 G = Mean time per level.
                   A        B        C        D        E       F      G
               +--------+--------+--------+--------+--------+-----+--------+
         Total |   1567 |   1542 |     25 |    150 |    880 |   3 |  522.3 |
       Dungeon |   1567 |   1542 |     25 |    150 |    880 |   3 |  522.3 |
               +--------+--------+--------+--------+--------+-----+--------+

Top non-repeatable levels by time:
     D:1: 771 daAuts
     D:2: 476 daAuts
     D:3: 319 daAuts
